 Dungeon Crawl Stone Soup version 0.31.0-11-ge490571c62 (webtiles) character file.

Game seed: 8415009744428124068

9307 Flugkiller the Grappler (level 11, 0/101 HPs)
             Began as a Troll Fighter on Jan 30, 2024.
             Was a High Priest of Okawaru.
             Slain by a lindwurm (7 damage)
             ... on level 3 of the Lair of Beasts.
             The game lasted 00:10:00 (2087 turns).

Flugkiller the Grappler (Troll Fighter)             Turns: 2087, Time: 00:10:00

Health: 0/101      AC:  7    Str: 30    XL:     11   Next: 21%
Magic:  14/14      EV:  9    Int:  4    God:    Okawaru [*****.]
Gold:   9          SH:  8    Dex:  9    Spells: 10/10 levels left

rFire   . .          .
                       - Unarmed
rCold   . . .        b - +0 kite shield
rNeg    + + .        u - +2 robe {rN+}
rPois   .            (helmet restricted)
rElec   .            n - +0 cloak
rCorr   .            (gloves unavailable)
SInv    .            (boots unavailable)
Will    .....        r - amulet of regeneration
Stlth   +            p - ring of positive energy
HPRegen 1.96/turn    o - ring of flight
MPRegen 0.14/turn

%: no passive effects
@: flying
A: large, unfitting armour, claws 3, regeneration 1, shaggy fur 1, tough skin 1
a: Renounce Religion, Heroism, Finesse, Duel


You were on level 3 of the Lair of Beasts.
You worshipped Okawaru.
Okawaru was extremely pleased with you.
You visited 3 branches of the dungeon, and saw 14 of its levels.

You collected 9 gold pieces.

Inventory:

Missiles
 k - 6 boomerangs (quivered)
 l - 4 curare-tipped darts
 v - 10 poisoned darts
Armour
 b - a +0 kite shield (worn)
 n - a +0 cloak (worn)
   (You found it on level 7 of the Dungeon)
 u - a +2 robe of positive energy (worn)
   (You took it off Blork the orc on level 4 of the Dungeon)
Jewellery
 o - a ring of flight (right claw)
   (You found it on level 5 of the Dungeon)
 p - a ring of positive energy (left claw)
   (You found it on level 5 of the Dungeon)
 r - an amulet of regeneration (around neck)
   (You found it on level 3 of the Lair of Beasts)
Wands
 s - a wand of polymorph (9)
   (You took it off Blork the orc on level 4 of the Dungeon)
 t - a wand of iceblast (4)
   (You found it on level 4 of the Dungeon)
Scrolls
 e - 3 scrolls of immolation
 f - 3 scrolls of vulnerability
 i - a scroll of acquirement {unknown}
 j - a scroll of poison
 x - a scroll of revelation
Potions
 a - a potion of magic {unknown}
 c - a potion of brilliance {unknown}
 d - 3 potions of might
 g - a potion of heal wounds {unknown}
 h - a potion of resistance {unknown}
 m - a potion of haste {unknown}
 q - 6 potions of curing
 w - a potion of lignification {unknown}


   Skills:
 + Level 4.9 Fighting
 * Level 6.6 Throwing
 - Level 2.4 Dodging
 - Level 5.0 Shields
 + Level 12.5 Unarmed Combat
 + Level 6.6 Invocations


You had 10 spell levels left.
You didn't know any spells.
Your spell library contained the following spells:

 Spells                   Type           Power      Damage    Failure   Level
 Dazzling Flash           Conj/Hex       0%         N/A       97%         3
 Mephitic Cloud           Conj/Alch/Air  0%         N/A       97%         3
 Ignite Poison            Fire/Alch      0%         N/A       100%        4
 Sticky Flame             Fire/Alch      0%         2d4       100%        4
 Curse of Agony           Necr           0%         N/A       100%        5
 Silence                  Hex/Air        0%         N/A       100%        5
 Ignition                 Fire           0%         3d3       100%        8


Dungeon Overview and Level Annotations

Branches:
Dungeon (9/15) Zot: 26965  Temple (1/1) D:4 Zot: 5985    Lair (4/5) D:8 Zot: 23231
  Snake (0/4) Lair:2
  Swamp: Lair:2-3    Shoals: Lair:2-3     Slime: Lair:4-5       Orc: D:9-12

Altars:
Ashenzari
Cheibriados
Fedhas
Gozag
Makhleb
Nemelex Xobeh
Okawaru
Qazlal
Ru
Sif Muna
Trog
Vehumet
Wu Jian
Xom
Yredelemnul
The Shining One

Shops:
D:5 (

Annotations:
Lair:2 snake


Innate Abilities, Weirdness & Mutations

You are too large for most types of armour.
You have claws for hands.
Your natural rate of healing is unusually fast.
You are covered in fur. (AC +1)
You have tough skin. (AC +1)


Message History

You scratch the torpor snail.
The torpor snail is moderately wounded.
The torpor snail bites you but does no damage.
You claw the torpor snail!
The torpor snail is moderately wounded.
The torpor snail bites you.
You mangle the torpor snail!!
The torpor snail is severely wounded.
You block the torpor snail's attack.
You mangle the torpor snail!!
You kill the torpor snail!
Okawaru accepts your kill.
You feel yourself speed up.
No target in view!
You see here a torpor snail corpse. 2 torpor snails come into view.
Found a snail-covered altar of Cheibriados.
Being near the torpor snail leaves you feeling lethargic.
Unknown command.
You feel yourself speed up.
Being near the torpor snail leaves you feeling lethargic.
You mangle the torpor snail!!
The torpor snail is moderately wounded.
The torpor snail bites you.
You mangle the torpor snail!!
The torpor snail is severely wounded.
You block the torpor snail's attack.
You mangle the torpor snail!!
You kill the torpor snail!
Okawaru accepts your kill.
You mangle the torpor snail!!
The torpor snail is moderately wounded.
The torpor snail barely misses you.
You claw the torpor snail!
The torpor snail is severely wounded.
You block the torpor snail's attack.
You barely miss the torpor snail.
The torpor snail is severely wounded.
You block the torpor snail's attack.
You claw the torpor snail!
The torpor snail is severely wounded.
You completely miss the torpor snail.
The torpor snail is severely wounded.
You block the torpor snail's attack.
You scratch the torpor snail.
The torpor snail is almost dead.
The torpor snail barely misses you.
You scratch the torpor snail but do no damage.
The torpor snail is severely wounded.
The torpor snail bites you.
You scratch the torpor snail.
The torpor snail is almost dead.
The torpor snail bites you.
You scratch the torpor snail.
The torpor snail is almost dead.
You block the torpor snail's attack.
You mangle the torpor snail!!
You kill the torpor snail!
Okawaru accepts your kill.
You feel yourself speed up.
No target in view!
There is a stone staircase leading down here.
You fly downwards.
The lindwurm roars!
The bullfrog gives a loud, deep croak!
You hear an angry hiss.
There is a stone staircase leading up here.
Unknown command.
You claw the bullfrog!
The bullfrog is heavily wounded.
A komodo dragon comes into view.
The bullfrog hits you.
You mangle the bullfrog!!
You kill the bullfrog!
Okawaru accepts your kill. The lindwurm breathes flames at you.
The blast of flame hits you!!
The blast of flame hits the plant!!!
The plant begins to die.
Unknown command.
The lindwurm bites you! You block the lindwurm's attack.
The lindwurm claws you.
You fly upwards.
There is a stone staircase leading down here.
You claw the lindwurm!
The lindwurm is moderately wounded.
The lindwurm breathes flames at you. The blast of flame hits you!!!
* * * LOW HITPOINT WARNING * * *
You are too injured to fight recklessly!
You barely miss the lindwurm.
The lindwurm is moderately wounded.
The lindwurm bites you.
* * * LOW HITPOINT WARNING * * *
You block the lindwurm's attack. The lindwurm claws you.
* * * LOW HITPOINT WARNING * * *
You claw the lindwurm!
The lindwurm is heavily wounded.
The lindwurm bites you!
* * * LOW HITPOINT WARNING * * *
You block the lindwurm's attack. The lindwurm claws you!
You die...

##.........# #P.........
##..........###P..#.##...
###.........>.#.#..######..
#..............##..# ##.
#..............#..######..
##.............#......##...
#....................###..# .
##..............#......P...P .
##..........@.....P.P.......# ..
##..........k.....P........### ..
#.#..............#..........#
..##................##...........
##..............................#
.......†.............#...........
###.########.....................
♣♣...♣♣♣♣ #.......#.............
♣.~~~.♣.♣. #.......#.............


You could see a lindwurm (catching breath).

Vanquished Creatures
  A death yak (Lair:2)
  A two-headed ogre (D:7)
  5 torpor snails
  4 cane toads (Lair:3)
  2 rime drakes (Lair:3)
  A komodo dragon (Lair:2)
  A polar bear (Lair:2)
  2 blink frogs (Lair:3)
  A wyvern (Lair:1)
  2 yaks
  A basilisk (Lair:2)
  A warg (D:8)
  2 nagas (Lair:2)
  3 water moccasins
  2 ice beasts (D:5)
  A black bear (Lair:2)
  An ogre (D:5)
  12 wolves
  A kobold brigand (D:8)
  Blork the orc (D:4)
  6 bullfrogs
  4 scorpions (D:5)
  7 wights (D:8)
  3 orc priests
  2 hounds
  2 sleepcaps (D:5)
  2 iguanas (D:5)
  5 orc wizards
  5 adders
  A dart slug (D:5)
  18 orcs
  An endoplasm (D:1)
  2 giant cockroaches (D:1)
  4 hobgoblins
  3 jackals (D:5)
  7 kobolds
  A ball python (D:1)
  2 bats (D:1)
  A frilled lizard (D:2)
  2 rats (D:1)
123 creatures vanquished.

Notes
Turn   | Place    | Note
-------+----------+-------------------------------------------
     0 | D:1      | Flugkiller the Troll Fighter began the quest for the Orb.
     0 | D:1      | Reached XP level 1. HP: 22/22 MP: 0/0
    74 | D:1      | Reached XP level 2. HP: 27/29 MP: 1/1
   109 | D:1      | Reached skill level 3 in Unarmed Combat
   179 | D:3      | You fall into a shaft and drop 3 floors!
   200 | D:6      | Found a broken altar of Ashenzari.
   241 | D:5      | Entered Level 5 of the Dungeon
   247 | D:5      | Noticed an ice beast
   254 | D:5      | Reached XP level 3. HP: 18/36 MP: 2/2
   259 | D:5      | Killed an ice beast
   260 | D:5      | Reached skill level 5 in Unarmed Combat
   260 | D:5      | Reached XP level 4. HP: 26/44 MP: 3/3
   303 | D:5      | Noticed a bullfrog
   312 | D:5      | Killed a bullfrog
   313 | D:5      | Reached XP level 5. HP: 31/50 MP: 4/4
   373 | D:5      | Noticed an ogre
   375 | D:5      | Reached skill level 6 in Unarmed Combat
   386 | D:5      | Killed an ogre
   387 | D:5      | Reached XP level 6. HP: 36/59 MP: 5/5
   389 | D:5      | Noticed an ice beast
   399 | D:5      | Killed an ice beast
   400 | D:5      | Reached skill level 7 in Unarmed Combat
   424 | D:5      | Reached XP level 7. HP: 31/66 MP: 6/6
   425 | D:5      | Reached skill level 8 in Unarmed Combat
   506 | D:5      | Found Fuwnergh's Weapon Emporium.
   570 | D:4      | Found a bloodstained altar of Trog.
   595 | D:4      | Found an opulent altar of Gozag.
   605 | D:4      | Noticed Blork the orc
   621 | D:4      | Killed Blork the orc
   682 | D:4      | Found a staircase to the Ecumenical Temple.
   690 | Temple   | Entered the Ecumenical Temple
   697 | Temple   | Became a worshipper of Warmaster Okawaru
   803 | D:6      | Reached skill level 9 in Unarmed Combat
   883 | D:6      | Reached skill level 1 in Invocations
   955 | D:7      | Reached XP level 8. HP: 71/74 MP: 6/8
   979 | D:7      | Noticed a two-headed ogre
   985 | D:7      | Killed a two-headed ogre
   985 | D:7      | Reached * piety under Okawaru
   986 | D:7      | Reached skill level 10 in Unarmed Combat
  1058 | D:8      | Found a radiant altar of Vehumet.
  1074 | D:8      | Reached ** piety under Okawaru
  1075 | D:8      | Reached skill level 11 in Unarmed Combat
  1079 | D:8      | Reached XP level 9. HP: 60/78 MP: 9/11
  1147 | D:8      | Found a staircase to the Lair.
  1310 | Lair:1   | Entered Level 1 of the Lair of Beasts
  1319 | Lair:2   | Reached skill level 1 in Throwing
  1353 | Lair:2   | Reached skill level 5 in Invocations
  1353 | Lair:2   | Reached *** piety under Okawaru
  1360 | Lair:2   | Noticed a cane toad
  1394 | Lair:2   | Noticed a polar bear
  1411 | Lair:2   | Killed a polar bear
  1457 | Lair:2   | Noticed a komodo dragon
  1460 | Lair:2   | Killed a komodo dragon
  1465 | Lair:2   | Reached XP level 10. HP: 88/91 MP: 9/13
  1530 | Lair:3   | Noticed a cane toad
  1539 | Lair:3   | Killed a cane toad
  1540 | Lair:3   | Reached skill level 12 in Unarmed Combat
  1625 | Lair:3   | Reached **** piety under Okawaru
  1660 | Lair:2   | Noticed a torpor snail
  1669 | Lair:2   | Noticed a death yak
  1670 | Lair:2   | Killed a torpor snail
  1678 | Lair:2   | Killed a death yak
  1708 | Lair:2   | Found a staircase to the Snake Pit.
  1717 | Lair:2   | Reached skill level 5 in Throwing
  1744 | Lair:1   | Identified the +6 rapier "Tuybir" {flame, rElec rF+ Stlth+}
  1880 | Lair:3   | Noticed a cane toad
  1888 | Lair:3   | Killed a cane toad
  1900 | Lair:3   | Reached ***** piety under Okawaru
  1913 | Lair:3   | Noticed a cane toad
  1913 | Lair:3   | Noticed a cane toad
  1923 | Lair:3   | Killed a cane toad
  1924 | Lair:3   | Reached skill level 5 in Shields
  1930 | Lair:3   | Killed a cane toad
  1933 | Lair:3   | Reached XP level 11. HP: 61/101 MP: 12/14
  2028 | Lair:3   | Found a snail-covered altar of Cheibriados.
  2079 | Lair:4   | Noticed a lindwurm
  2087 | Lair:3   | Slain by a lindwurm

Illustrated notes

Levels and vault maps discovered:
D:1:      eino_arrival_water_star, layout_basic, serial_shops,
          nicolae_shop_hallway_plus
D:2:      layout_basic, serial_glass, glass_columns_a, glass_columns_a,
          glass_columns_a, glass_columns_a, glass_columns_b, glass_columns_c,
          item_on_display_a, item_on_display_a, kennysheep_generic_room_16
D:3:      layout_loops_ring, grunt_dithmenos_smoke_and_mirrors, serial_shops,
          nicolae_shop_real_fake_doors, shapermc_ecumenical_altar_venn,
          minmay_misc_feat_chi
D:4:      layout_gridville, trog_three_pillars_becter,
          nicolae_gozag_cash_rules_everything_around_me, temple_statues,
          kennysheep_generic_room_6, uniq_blork_the_orc
D:5:      minmay_chambers_of_threes, layout_cave_pools, kennysheep_mini,
          serial_shops, nicolae_shop_bloodbath_and_beyond, kennysheep_nub
D:6:      layout_basic, mainiacjoe_overflow_brackets
D:7:      layout_loops_corners, nrook_mini_backslash
D:8:      layout_cave_pods, elyvilon_altar_5, old_standard_altar,
          erik_lair_orcish_takeover
D:9:      minmay_statue_hallways, layout_basic,
          mainiacjoe_overflow_surrounded_room, lemuel_doored_altar,
          kennysheep_mini_moat
Temple:   nicolae_temple_no_exploring_needed
Lair:1:   layout_chaotic_city, beast_lair_carwin_11, lemuel_fruit_fields
Lair:2:   layout_chaotic_city, minmay_swamp_entry_swarm,
          minmay_snake_entry_guardpost_small, grunt_megastairs_4,
          infiniplex_staircase_pool_2
Lair:3:   nzn_winding_woodlands_three_and_one [nzn_winding_woodlands_5x15_pool,
          nzn_winding_woodlands_5x15_split_checker,
          nzn_winding_woodlands_5x15_garden,
          nzn_winding_woodlands_center_pierced_h], layout_cave_pods,
          kennysheep_snail_temple
Lair:4:   layout_hall_layers, nzn_ghost_randoct

Skill      XL: |  1  2  3  4  5  6  7  8  9 10 |
---------------+-------------------------------+-----
Unarmed Combat | 3 5 6 7 9 11 12 | 12.5
Invocations    | 1 4 5 6 |  6.6
Throwing       | 3 6 |  6.6
Shields        | 3 5 |  5.0
Fighting       | 3 4 |  4.9
Dodging        | |  2.4

Action                     |  1- 3 |  4- 6 |  7- 9 | 10-12 || total
---------------------------+-------+-------+-------+-------++-------
  Melee: Unarmed           |    43 |    50 |   196 |   146 ||   435
  Throw: Boomerang         |       |       |    13 |       ||    13
 Invoke: Heroism           |       |       |     3 |     4 ||     7
  Evoke: Wand              |       |       |     4 |       ||     4
    Use: Scroll            |     2 |       |     4 |     3 ||     9
 Armour: Robe              |    33 |    32 |   167 |    83 ||   315
         Skin              |       |       |    18 |       ||    18
  Dodge: Dodged            |    17 |    10 |    79 |    38 ||   144
  Block: Kite shield       |    22 |    14 |    83 |    60 ||   179
